 Dungeon Crawl Stone Soup version 0.29.1-15-g9cfb28693d (webtiles) character file.

Game seed: 7383271772536897654

32 CatalinOSBI the Conjurer (level 3, 0/19 HPs)
             Began as a Deep Elf Conjurer on Mar 31, 2023.
             Slain by a jackal (1 damage)
             ... on level 2 of the Dungeon.
             The game lasted 00:07:58 (1169 turns).

CatalinOSBI the Conjurer (Deep Elf Conjurer)        Turns: 1169, Time: 00:07:58

Health: 0/19       AC:  2    Str:  4    XL:     3   Next: 10%
Magic:  1/10       EV: 12    Int: 24    God:
Gold:   58         SH:  0    Dex: 13    Spells: 7/10 levels left

rFire   . . .      SeeInvis .   f - +0 short sword
rCold   . . .      Faith    .   (no shield)
rNeg    . . .      Spirit   .   a - +0 robe
rPois   .          Reflect  .   (no helmet)
rElec   .          Harm     .   (no cloak)
rCorr   .          Rampage  .   (no gloves)
Will    .....                   (no boots)
Stlth   ++........              (no amulet)
HPRegen 0.06/turn               (no ring)
MPRegen 0.12/turn               (no ring)

@: very slightly contaminated
A: no striking features
a: no special abilities


You were on level 2 of the Dungeon.
You visited 1 branch of the dungeon, and saw 2 of its levels.

You collected 58 gold pieces.

Inventory:

Hand Weapons
 f - a +0 short sword (weapon)
Armour
 a - a +0 robe (worn)
Scrolls
 c - a scroll of identify {unknown}
 d - a scroll of magic mapping {unknown}
 h - a scroll of butterflies {unknown}
Potions
 b - a potion of magic
 e - a potion of curing {unknown}
 g - a potion of degeneration {unknown}


   Skills:
 - Level 2.4 Dodging
 - Level 2.4 Stealth
 + Level 4.1 Spellcasting
 + Level 5.0 Conjurations


You had 7 spell levels left.
You knew the following spells:

 Your Spells              Type           Power      Damage    Failure   Level
a - Magic Dart            Conj           100%       1d8       1%          1
b - Searing Ray           Conj           58%        2d6       1%          2

Your spell library contained the following spells:

 Spells                   Type           Power      Damage    Failure   Level
 Dazzling Flash           Conj/Hex       34%        N/A       11%         3
 Fulminant Prism          Conj/Hex       8%         3d7       34%         4
 Iskenderun's Mystic Bla  Conj/Tloc      17%        2d5       34%         4


Dungeon Overview and Level Annotations

Branches:
Dungeon (2/15)

Altars:

Annotations:
D:2 Robin


Message History

A bat comes into view.
A jackal comes into view.
The bat moves out of view.
There is a stone staircase leading up here.
Casting: Searing Ray (safe; 2% risk of failure)
Confirm with . or Enter, or press ? or * to list all spells.
Aiming: Magic Dart (safe; 1% risk of failure)
Press: ? - help, Shift-Dir - straight line, f - adder
Aim: an adder (moderately wounded, 100% to hit)
The magic dart hits the adder!
You kill the adder!
The jackal barks!
You hear a bark!
The jackal closely misses you. The jackal barely misses you.
Your Spellcasting skill increases to level 4!
Your Conjurations skill increases to level 5!
You have reached level 3!
Your experience leads to an increase in your attributes!
Increase (S)trength, (I)ntelligence, or (D)exterity?
You feel clever. x2
The jackal closely misses you.
Okay, then.
Press: ? - help, v - describe, . - travel
Here: a jackal The floor.
Casting: Magic Dart (safe; 1% risk of failure)
Confirm with . or Enter, or press ? or * to list all spells.
Aiming: Searing Ray (safe; 1% risk of failure)
Press: ? - help, Shift-Dir - straight line, f - jackal
Aim: a jackal (74% to hit)
You miscast Searing Ray.
You are very lightly contaminated with residual magic.
Nothing appears to happen.
The jackal barely misses you.
Unknown command.
The jackal barely misses you.
A jackal comes into view.
The jackal bites you.
* * * LOW HITPOINT WARNING * * *
A jackal comes into view.
You can't go down here!
The jackal bites you.
You die...

#. #.. #..
#..## #...#
. #.#.##
...
#..h.##...#
#.@......#
##....#.##
##.#.#.
##h....
#...? .#
#..... #
#..#h#.
#.<#h#.h
#.........


You could see 5 jackals.

Vanquished Creatures
  An adder (D:2)
  4 endoplasms (D:1)
  A giant cockroach (D:1)
  5 goblins
  3 hobgoblins
  A jackal (D:2)
  A bat (D:1)
  A frilled lizard (D:1)
  4 kobolds (D:1)
  A rat (D:1)
22 creatures vanquished.

Notes
Turn   | Place    | Note
-------+----------+-------------------------------------------
     0 | D:1      | CatalinOSBI the Deep Elf Conjurer began the quest for the
                  | Orb.
     0 | D:1      | Reached XP level 1. HP: 10/10 MP: 6/6
   337 | D:1      | Reached XP level 2. HP: 15/15 MP: 5/8
   494 | D:1      | Found a faded altar of an unknown god.
  1000 | D:2      | Noticed Robin
  1007 | D:2      | Learned a level 2 spell: Searing Ray
  1166 | D:2      | Reached skill level 5 in Conjurations
  1166 | D:2      | Reached XP level 3. HP: 2/19 MP: 3/10
  1169 | D:2      | Slain by a jackal

Illustrated notes

Levels and vault maps discovered:
D:1:      minmay_arrival_hallway, layout_basic, shapermc_ecumenical_altar_venn,
          hangedman_abyss_or_decor_lesser_grid
D:2:      layout_loops_ring, serial_shops, shop_statue, basic_altar,
          minmay_cut_off, uniq_robin

Skill      XL: |  1  2 |
---------------+-------+-----
Spellcasting   | 4 |  4.1
Conjurations   | 5 |  5.0
Dodging        | |  2.4
Stealth        | |  2.4

Action                   || total
-------------------------++-------
 Cast: Magic Dart        ||    41
       Searing Ray       ||     2
Armor: Robe              ||     6
Dodge: Dodged            ||    17
